 Dungeon Crawl Stone Soup version 0.31-a0-1074-g0b22e4e0f1 (webtiles) character file.

Game seed: 14160586994936301943

664 grandjackal the Trooper (level 7, -2/63 HPs)
             Began as a Ghoul Monk on Nov 29, 2023.
             Slain by an ogre
             ... wielding a +0 giant club
              (32 damage)
             ... on level 4 of the Dungeon.
             The game lasted 00:03:06 (2222 turns).

grandjackal the Trooper (Ghoul Monk)                Turns: 2222, Time: 00:03:07

Health: -2/63      AC:  2    Str: 21    XL:     7   Next: 57%
Magic:  6/6        EV: 12    Int: 11    God:
Gold:   66         SH:  0    Dex: 11    Spells: 6/6 levels left

rFire   . .          .
                       - Unarmed
rCold   + . .        c - orb {light}
rNeg    + + +        a - +0 robe
rPois   ∞            (no helmet)
rElec   .            (no cloak)
rCorr   .            (no gloves)
SInv    +            (no boots)
Will    .....        (no amulet)
Stlth   +            d - ring of see invisible
HPRegen 0.00/turn    m - +6 ring of strength
MPRegen 0.10/turn

%: no passive effects
@: inhibited regen, glowing
A: claws 1, cold resistance 1, negative energy resistance 3, inhibited
regeneration, torment resistance 2, devour on kill
a: no special abilities


You were on level 4 of the Dungeon.
You visited 1 branch of the dungeon, and saw 4 of its levels.

You collected 66 gold pieces.

Inventory:

Missiles
 u - 6 poisoned darts
 v - 2 throwing nets
Armour
 a - a +0 robe (worn)
 c - an orb of light (worn)
Jewellery
 d - a ring of see invisible (left claw)
 e - a ring of fire
 m - a +6 ring of strength (right claw)
Scrolls
 g - 4 scrolls of teleportation {unknown}
 i - a scroll of noise {unknown}
 j - a scroll of amnesia {unknown}
 k - a scroll of enchant armour {unknown}
 n - a scroll of brand weapon {unknown}
 o - a scroll of identify {unknown}
 r - a scroll of vulnerability {unknown}
 s - a scroll of silence {unknown}
Potions
 b - a potion of ambrosia
 f - 2 potions of brilliance {unknown}
 h - a potion of lignification {unknown}
 l - a potion of resistance {unknown}
 p - a potion of heal wounds {unknown}
 q - 2 potions of curing {unknown}
 t - a potion of attraction {unknown}


   Skills:
 + Level 6.2 Fighting
 - Level 3.3 Armour
 - Level 3.0 Dodging
 + Level 6.1 Unarmed Combat


You had 6 spell levels left.
You didn't know any spells.
Your spell library contained the following spells:

 Spells                   Type           Power      Damage    Failure   Level
 Static Discharge         Conj/Air       0%         3-3/arc   47%         2
 Airstrike                Air            0%         2d(0-16)  98%         4
 Summon Lightning Spire   Summ/Air       0%         N/A       98%         4


Dungeon Overview and Level Annotations

Branches:
Dungeon (4/15)
 Temple: D:4-7

Altars:
Ru


Innate Abilities, Weirdness & Mutations

You are immune to poison.
You have sharp fingernails.
Your flesh is cold resistant. (rC+)
You are immune to negative energy. (rN+++)
You do not regenerate when monsters are visible.
You are immune to unholy pain and torment.
You thrive by killing the living.


Message History

You scratch the orc.
The orc is lightly wounded.
The orc hits you with a +0 hand axe.
You barely miss the orc.
The orc is lightly wounded.
The orc hits you with a +0 club.
You claw the orc!
You kill the orc!
The orc hits you with a +0 hand axe. The orc barely misses you.
You claw the orc!
You kill the orc!
The orc barely misses you.
You claw the orc!
You kill the orc!
No target in view!
No target in view!
Items here: ( ) [ †.
You hear the slow rusting of a very distant drain.
HP restored.
You pick up a book of Storms and begin reading...
You add the spells Static Discharge, Airstrike and Summon Lightning Spire to your library.
You now have 66 gold pieces (gained 8).
An ogre comes into view. It is wielding a +0 giant club.
The ogre shouts!
The ogre hits you with a +0 giant club!!
Ouch! That really hurt!
You are too injured to fight recklessly!
You are too injured to fight recklessly!
You are too injured to fight recklessly!
You claw the ogre!
The ogre is moderately wounded.
The ogre misses you.
You scratch the ogre.
The ogre is heavily wounded.
You hear the rusting of a very distant drain.
You scratch the ogre.
The ogre is heavily wounded.
The ogre hits you with a +0 giant club!!
Ouch! That really hurt!
You die...

################
#######..............#
#...........O@.......#
#.########.########..#
#.####...#.#..)### .#
##.##....##.##....#
#..##....##.##†...##
###))#...))#...#')...#
...).######.....######..
####...................
.....###...........###.


You could see an ogre.

Vanquished Creatures
  Grinder (D:3)
  Sigmund (D:3)
  2 orc priests (D:3)
  A jelly (D:4)
  Natasha (thrice) (D:3)
  2 gnolls (D:4)
  6 adders
  A dart slug (D:4)
  12 orcs
  4 endoplasms
  2 giant cockroaches
  6 goblins
  3 hobgoblins
  4 jackals
  6 kobolds
  3 quokkas
  6 ball pythons
  4 bats
  3 frilled lizards
  5 rats
75 creatures vanquished.

Notes
Turn   | Place    | Note
-------+----------+-------------------------------------------
     0 | D:1      | grandjackal the Ghoul Monk began the quest for the Orb.
     0 | D:1      | Reached XP level 1. HP: 19/19 MP: 0/0
   175 | D:1      | Reached XP level 2. HP: 22/26 MP: 1/1
   542 | D:2      | Reached XP level 3. HP: 31/33 MP: 2/2
   555 | D:2      | Found a sacrificial altar of Ru.
   758 | D:2      | Reached skill level 1 in Armour
  1011 | D:3      | Reached XP level 4. HP: 40/40 MP: 3/3
  1061 | D:3      | Noticed Sigmund
  1072 | D:3      | Killed Sigmund
  1073 | D:3      | Reached XP level 5. HP: 36/47 MP: 4/4
  1073 | D:3      | Reached XP level 6. HP: 42/55 MP: 5/5
  1098 | D:3      | Reached skill level 5 in Fighting
  1099 | D:3      | Reached skill level 5 in Unarmed Combat
  1378 | D:3      | Noticed Grinder
  1390 | D:3      | Paralysed by Grinder for 5 turns
  1400 | D:3      | Paralysed by Grinder for 5 turns
  1413 | D:3      | Killed Grinder
  1414 | D:3      | Reached XP level 7. HP: 8/62 MP: 6/6
  1740 | D:3      | Noticed Natasha
  1748 | D:3      | Killed Natasha
  1879 | D:3      | Noticed Natasha
  1883 | D:3      | Killed Natasha
  1916 | D:3      | Noticed Natasha
  1922 | D:3      | Killed Natasha
  2222 | D:4      | Slain by an ogre

Illustrated notes

Levels and vault maps discovered:
D:1:      lemuel_arrival_hallway, layout_rooms
D:2:      layout_basic, basic_altar
D:3:      layout_rooms, uniq_grinder, uniq_sigmund, uniq_natasha
D:4:      layout_basic, mainiacjoe_overflow_brackets,
          amethyst_overflow_temple_binary, portal_sewer_entry_a,
          gammafunk_ghost_nasty_kobolds, minmay_pentangle

Skill      XL: |  1  2  3  4  5  6  7 |
---------------+----------------------+-----
Dodging        | 3 |  3.0
Fighting       | 4 5 6 |  6.2
Armour         | 1 2 3 |  3.3
Unarmed Combat | 4 5 6 |  6.1

Action                     |  1- 3 |  4- 6 |  7- 9 || total
---------------------------+-------+-------+-------++-------
  Melee: Unarmed           |    95 |    51 |    65 ||   211
 Armour: Robe              |    47 |    20 |    26 ||    93
  Dodge: Dodged            |    56 |    25 |    27 ||   108

Table legend: (Time is in decaauts)
 A = Elapsed time spent in this place.
 B = Non-inter-level travel time spent in this place.
 C = Inter-level travel time spent in this place.
 D = Time resting spent in this place.
 E = Time spent auto-exploring this place.
 F = Levels seen in this place.
 G = Mean time per level.
                   A        B        C        D        E       F      G
               +--------+--------+--------+--------+--------+-----+--------+
         Total |   2206 |   2101 |    105 |    495 |   1093 |   4 |  551.5 |
       Dungeon |   2206 |   2101 |    105 |    495 |   1093 |   4 |  551.5 |
               +--------+--------+--------+--------+--------+-----+--------+

Top non-repeatable levels by time:
     D:3: 966 daAuts
     D:2: 522 daAuts
     D:1: 463 daAuts
     D:4: 253 daAuts
